AoeStats
← Dovalle95

Arabia

509979184Analyzed
1v1 RM · 2d ago on Sep 28, 2026· 34m 32s· 2 players
Game mode
Random Map
Map size
Tiny (2 player)
Population
200
Speed
Normal
Resources
Standard
Victory
Conquest
Starting age
Dark Age
Ending age
Imperial Age
RankedLock teamsTeams togetherTeam positionsShared explorationLock speedFull tech treeHidden civsTurbo modeCheats
Victory
Defeat
🇩🇪 Burgundians · Germany
924
+16
🇨🇴 Lithuanians · Colombia
919
-16
Dovalle95
7:17 Loom
10:23 Feudal Age
11:11 Double-Bit Axe
11:45 Horse Collar
12:32 Man-at-Arms
18:17 Bloodlines
20:07 Scale Mail Armor
20:17 Forging
24:29 Castle Age
22:52 Scale Barding Armor
26:39 Chain Mail Armor
27:00 Iron Casting
31:18 Scale Barding Armor
#Tsch
4:42 Double-Bit Axe
8:29 Wheelbarrow
10:39 Feudal Age
11:29 Bow Saw
14:20 Arson
19:58 Castle Age
18:44 Scale Mail Armor
18:40 Gold Mining
20:52 Fletching
22:46 Two-Man Saw
24:17 Wheelbarrow
23:28 Loom
24:02 Town Watch
28:28 Hand Cart
28:13 Town Patrol
28:16 Stone Mining
31:51 Bodkin Arrow
32:49 Gold Shaft Mining
35:53 Imperial Age
Connection lost

Rejoining the realm…

Still unreachable

The connection could not be restored.

Session expired

The server has moved on; the page needs a fresh start.